 Dungeon Crawl Stone Soup version 0.22-a0-785-g6253c82ace (webtiles) character file.

383 Holzbalken the Cudgeler (level 6, -1/55 HPs)
             Began as a Gargoyle Monk on July 20, 2018.
             Slain by a gnoll (3 damage)
             ... on level 3 of the Dungeon.
             The game lasted 00:12:18 (2946 turns).

Holzbalken the Cudgeler (Gargoyle Monk)             Turns: 2946, Time: 00:12:18

Health: -1/55      AC: 10    Str: 21    XL:     6   Next: 76%
Magic:  6/6        EV: 11    Int: 11    God:
Gold:   147        SH:  0    Dex: 12    Spells: 5/5 levels left

rFire    . . .     SeeInvis .   a - +0 mace
rCold    . . .     Gourm    .   (no shield)
rNeg     + . .     Faith    .   j - +0 ring mail
rPois    ∞         Spirit   .   (no helmet)
rElec    +         Reflect  .   (no cloak)
rCorr    +         Harm     .   (no gloves)
MR       .....                  (no boots)
Stlth    ..........             (no amulet)
HPRegen  0.18/turn              h - ring of resist corrosion
MPRegen  0.10/turn              u - ring of stealth

@: berserking, very quick
A: negative energy resistance 1, electricity resistance, unbreathing,
petrification resistance, rot immunity, AC +4
a: no special abilities


You were on level 3 of the Dungeon.
You were not hungry.

You visited 1 branch of the dungeon, and saw 3 of its levels.

You collected 147 gold pieces.

Inventory:

Hand Weapons
 a - a +0 mace (weapon)
Armour
 b - a +0 robe
 f - a +0 leather armour
 j - a +0 ring mail (worn)
Jewellery
 h - a ring of resist corrosion (left hand)
 u - a ring of stealth (right hand)
Wands
 k - a wand of random effects (37)
Scrolls
 g - 4 scrolls of identify {unknown}
 l - a scroll of fear {unknown}
 o - 4 scrolls of teleportation {unknown}
 r - a scroll of fog {unknown}
 s - a scroll of enchant weapon {unknown}
 t - a scroll of remove curse {unknown}
 w - a scroll of random uselessness {unknown}
Potions
 e - a potion of berserk rage
 i - a potion of lignification {unknown}
 m - a potion of ambrosia {unknown}
 n - 2 potions of curing
 p - a potion of mutation {unknown}
 q - a potion of brilliance {unknown}
 v - a potion of cancellation {unknown}
Comestibles
 c - 6 rations
 d - 2 chunks of flesh


   Skills:
 - Level 3.2 Fighting
 * Level 6.7 Maces & Flails
 + Level 2.9 Armour
 - Level 2.4 Dodging
 - Level 2.1 Stealth


You had 5 spell levels left.
You didn't know any spells.
Your spell library was empty.

Dungeon Overview and Level Annotations

Branches:
Dungeon (3/15)

Altars:
Ashenzari
Gozag
Zin


Innate Abilities, Weirdness & Mutations

You are resistant to torment.
Your stone body is resilient. (AC +4)
You are immune to poison.
You resist negative energy. (rN+)
You are resistant to electric shocks. (rElec)
You can survive without breathing.
You are immune to petrification.
You are immune to rotting.


Message History

* * * LOW HITPOINT WARNING * * *
The gnoll closely misses you. The gnoll hits you but does no damage.
It was a potion of berserk rage.
A red film seems to cover your vision as you go berserk!
You feel yourself moving faster!
You feel mighty! The jackal closely misses you.
The gnoll hits you with a flail of protection.
* * * LOW HITPOINT WARNING * * *
The gnoll hits you but does no damage. The jackal misses you.
The gnoll hits you but does no damage.
You thump the gnoll!
You kill the gnoll!
The jackal barely misses you. The gnoll closely misses you.
You hit the gnoll but do no damage.
The gnoll is heavily wounded.
The gnoll completely misses you. The jackal closely misses you.
You sock the gnoll!
You kill the gnoll!
The gnoll hits you.
You die...

...... ....... .....
....... .... ... .......
... .... .......#########..
.... .................
..... ..............#.##
.....
......g.......#÷.##.....
......)@h...............
..########†)..........###..
.................#...#####.
........÷................+.
................##...#####.
................##...######
.######....................
#....................
#..........##.##.....


You could see a gnoll and a jackal.

Vanquished Creatures
  Sigmund (D:2)
  A scorpion (D:3)
  6 gnolls
  4 adders
  3 worms
  4 dart slugs
  3 leopard geckos
  2 orcs
  9 bats
  3 giant cockroaches
  9 goblins
  7 hobgoblins
  6 jackals
  8 kobolds
  A ball python (D:1)
  5 frilled lizards
  7 rats
79 creatures vanquished.

Notes
Turn   | Place    | Note
-------+----------+-------------------------------------------
     0 | D:1      | Holzbalken the Gargoyle Monk began the quest for the Orb.
     0 | D:1      | Reached XP level 1. HP: 14/14 MP: 1/1
   203 | D:1      | Reached XP level 2. HP: 17/19 MP: 2/2
   288 | D:1      | Reached skill level 4 in Maces & Flails
   372 | D:1      | Reached XP level 3. HP: 23/23 MP: 3/3
   777 | D:2      | Found a glowing silver altar of Zin.
   777 | D:2      | Found a shattered altar of Ashenzari.
   804 | D:2      | Reached XP level 4. HP: 21/28 MP: 4/4
   840 | D:1      | Reached skill level 5 in Maces & Flails
  1524 | D:2      | Noticed Sigmund
  1859 | D:2      | Reached XP level 5. HP: 28/32 MP: 5/5
  1991 | D:2      | Killed Sigmund
  1991 | D:2      | Reached skill level 6 in Maces & Flails
  1991 | D:2      | Reached XP level 6. HP: 16/37 MP: 6/6
  2868 | D:3      | Found an opulent altar of Gozag.
  2943 | D:3      | HP: 2/55 [gnoll/flail of protection (2)]
  2946 | D:3      | Slain by a gnoll

Vault maps used:
D:1:      roderic_crop_circles_arrival_small
D:2:      gammafunk_temple_overflow_elements, uniq_sigmund
D:3:      bloody_trog, first_ration, grunt_gozag_breadcrumbs, uniq_ijyb

Skill      XL: |  1  2  3  4  5 |
---------------+----------------+-----
Maces & Flails | 4 5 6 |  6.7
Armour         | 2 |  2.9
Fighting       | |  3.2
Dodging        | |  2.4
Stealth        | |  2.1

Action                   |  1- 3 |  4- 6 || total
-------------------------+-------+-------++-------
Melee: Mace              |   115 |   213 ||   328
  Use: Potion            |       |     2 ||     2
 Stab: Distracted        |       |     1 ||     1
       Sleeping          |       |     1 ||     1
  Eat: Chunk             |       |     7 ||     7
Armor: Robe              |    26 |       ||    26
       Leather armour    |    42 |    13 ||    55
       Ring mail         |       |    93 ||    93
Dodge: Dodged            |   109 |   150 ||   259

Table legend:
 A = Spawn XP
 B = Non-spawn XP
 C = Spawn XP percentage of total XP
 D = Spawn monster count
 E = Non-spawn monster count
 F = Spawn count percentage of total count
 G = Total turns spent on level
                    A         B        C        D         E        F      G
               +---------+---------+-------+---------+---------+-------+---------
         Total |       0 |     548 |   0.0 |       0 |      79 |   0.0 |  2946
               +---------+---------+-------+---------+---------+-------+---------
           D:1 |       0 |      72 |   0.0 |       0 |      32 |   0.0 |   914
           D:2 |       0 |     308 |   0.0 |       0 |      28 |   0.0 |  1520
           D:3 |       0 |     168 |   0.0 |       0 |      19 |   0.0 |   512
               +---------+---------+-------+---------+---------+-------+---------
